 Dungeon Crawl Stone Soup version 0.17-a0-1997-ga88ed7d (webtiles) character file.

62 Mordenkainen the Magician (level 3, 0/19 HPs)
             Began as a Deep Elf Wizard on Oct 8, 2015.
             Slain by an orc wizard
             ... wielding a +0 dagger
              (1 damage)
             ... on level 3 of the Dungeon.
             The game lasted 00:04:58 (1941 turns).

Mordenkainen the Magician (Deep Elf Wizard)         Turns: 1941, Time: 00:04:58

Health: 0/19       AC:  2    Str:  4    XL:     3   Next: 85%
Magic:  1/10       EV: 12    Int: 23    God:
Gold:   91         SH:  0    Dex: 13    Spells: 4 memorised, 2 levels left

rFire  . . .     SeeInvis .     m - +1 mace (drain)
rCold  . . .     Clarity  .     a - +0 robe
rNeg   . . .     SustAt   .     (no shield)
rPois  .         Gourm    .     b - +0 hat
rElec  .         Spirit   .     (no cloak)
rCorr  .         Warding  .     (no gloves)
rMut   .         Stasis   .     (no boots)
MR     .....                    (no amulet)
Stlth  +.........               (no ring)
                                (no ring)

@: confused, not resistant to hostile enchantments, very unstealthy
A: no striking features
a: no special abilities


You were on level 3 of the Dungeon.
You were very hungry.

You visited 1 branch of the dungeon, and saw 3 of its levels.

You collected 91 gold pieces.

Inventory:

Hand Weapons
 m - a +1 mace of draining (weapon)
Armour
 a - a +0 robe (worn)
 b - a +0 hat (worn)
Jewellery
 n - a +3 ring of dexterity {unknown}
Scrolls
 f - 2 scrolls of random uselessness {unknown}
 g - 2 scrolls of identify {unknown}
 j - a scroll of blinking {unknown}
 k - a scroll of recharging {unknown}
 q - a scroll of fog {unknown}
Potions
 e - a potion of flight {unknown}
 h - a potion of agility {unknown}
 o - a potion of ambrosia {unknown}
Books
 c - a book of Minor Magic

   Spells                             Type                      Level
   a - Magic Dart                     Conjuration                  1
   b - Blink                          Translocation                2
   c - Call Imp                       Summoning                    2
   d - Repel Missiles                 Charms/Air                   2
   e - Slow                           Hexes                        2
   f - Conjure Flame                  Conjuration/Fire             3
   g - Mephitic Cloud                 Conjuration/Poison/Air       3
Comestibles
 d - 2 bread rations
 i - 2 fruits
 l - 3 meat rations


   Skills:
 - Level 2.4 Dodging
 - Level 2.4 Stealth
 + Level 4.4 Spellcasting
 * Level 4.0 Conjurations
 + Level 0.0 Charms
   Level 1.1 Summonings
 + Level 1.2 Translocations
 + Level 0.2 Air Magic
 + Level 0.2 Poison Magic


You had 2 spell levels left.
You knew the following spells:

 Your Spells              Type           Power        Failure   Level  Hunger
a - Magic Dart            Conj           ###.         1%          1    None
b - Blink                 Tloc           N/A          12%         2    None
c - Repel Missiles        Chrm/Air       #.....       17%         2    None
d - Mephitic Cloud        Conj/Pois/Air  ##......     17%         3    ##.....


Dungeon Overview and Level Annotations

Branches:
Dungeon (3/15)

Altars:
Ru


Message History

The orc wizard is lightly wounded.
* * * LOW MAGIC WARNING * * *
Casting: Magic Dart
Confirm with . or Enter, or press ? or * to list all spells.
Aiming: Magic Dart
Press: ? - help, Shift-Dir - straight line, f/p - orc wizard
Aim: an orc wizard, wielding a dagger and wearing a robe (lightly wounded)
The magic dart hits the orc wizard.
The orc wizard is moderately wounded.
* * * LOW MAGIC WARNING * * *
You hit the orc wizard. You drain the orc wizard!
The orc wizard is heavily wounded.
The orc wizard points at you and mumbles some strange words.
You are confused.
You bump into the rock wall.
The orc wizard points at you and mumbles some strange words.
The puff of flame hits you!
* * * LOW HITPOINT WARNING * * *
You bump into the rock wall.
The orc wizard hits you with a dagger.
You die...

### ### #####.# #.#
##.....# #########.#
.....#.# #......@o.#
##.#.#.# #.#######.###
#....#.# #.# #.......#
#...<#.# #.# ###.###.##
#....#.# #.# #.# #..# #.
####.#.# #.# #.# ##.# ..
..#.# #.# ### #)######.
#.#.###[##########.....#..
#......>.....##....###.#.#


You could see an orc wizard.

Vanquished Creatures
  4 worms (D:3)
  2 giant geckos
  6 orcs (D:3)
  4 bats
  2 giant cockroaches
  A hobgoblin (D:3)
  4 jackals (D:2)
  3 ball pythons
  3 giant newts
  3 goblins
  7 kobolds
  A quokka (D:2)
  7 rats
47 creatures vanquished.

Notes
Turn   | Place    | Note
--------------------------------------------------------------
     0 | D:1      | Mordenkainen the Deep Elf Wizard began the quest for the Orb.
     0 | D:1      | Reached XP level 1. HP: 10/10 MP: 7/7
   238 | D:1      | Reached XP level 2. HP: 15/15 MP: 7/9
   850 | D:2      | Reached XP level 3. HP: 19/19 MP: 4/10
  1402 | D:3      | Learned a level 2 spell: Blink
  1405 | D:3      | Learned a level 2 spell: Repel Missiles
  1409 | D:3      | Learned a level 3 spell: Mephitic Cloud
  1427 | D:3      | Found a sacrificial altar of Ru.
  1941 | D:3      | Slain by an orc wizard

Vault maps used:
D:1:      co_arrival_two_rings
D:2:      first_bread, grunt_decor_arrowhead
D:3:      nicolae_overflow_crystal_walls, zin_academy

Action                   || total
-------------------------++-------
Melee: Unarmed           ||    25
       Mace              ||    10
 Cast: Magic Dart        ||   109
       Mephitic Cloud    ||     1
  Eat: Chunk             ||     2
